TOP OF THE 1ST |
Lansing Lugnuts batting - Pitching for Houston Hammertime : RHP Andrés Rivera
|
Pitching: RHP Andrés Rivera
|
|
Batting: RHB Mitsuoki Taguchi
|
0-0: Ball 1-0: Ball 2-0: Fly out, F9 (Flyball, 9M)
|
Batting: RHB Sadao Kimura
|
0-0: Ball 1-0: Ground out 4-3 (Groundball, 4)
|
Batting: RHB Júlio Caraballo
|
0-0: Ground out 6-3 (Groundball, 6M)
|
Top of the 1st over - 0 run(s), 0 hit(s), 0 error(s), 0 left on base; Lansing 0 - Houston 0 |
BOTTOM OF THE 1ST |
Houston Hammertime batting - Pitching for Lansing Lugnuts : RHP Manabu Mizuno
|
Pitching: RHP Manabu Mizuno
|
|
Batting: RHB Aaron Wilson
|
0-0: Swinging Strike 0-1: Ball 1-1: Swinging Strike 1-2: Strikes out looking
|
Batting: RHB Rafael Torres
|
0-0: Called Strike 0-1: Fly out, F7 (Flyball, 78S)
|
Batting: SHB Cristo Ontiveros
|
0-0: Swinging Strike 0-1: Ball 1-1: Ball 2-1: Foul Ball, location: 2F 2-2: Foul Ball, location: 2F 2-2: Foul Ball, location: 2F 2-2: Foul Ball, location: 2F 2-2: Foul Ball, location: 2F 2-2: SINGLE (Groundball, 34D)
|
Batting: RHB Earl Wiggins
|
0-0: Fly out, F7 (Flyball, 78D)
|
Bottom of the 1st over - 0 run(s), 1 hit(s), 0 error(s), 1 left on base; Lansing 0 - Houston 0 |
TOP OF THE 2ND |
Lansing Lugnuts batting - Pitching for Houston Hammertime : RHP Andrés Rivera
|
Batting: LHB Jeffrey Satterley
|
0-0: Ball 1-0: Ball 2-0: Ball 3-0: Called Strike 3-1: Base on Balls
|
Batting: RHB Taki Chikafuji
|
0-0: Called Strike 0-1: Ball 1-1: Swinging Strike 1-2: Ball 2-2: Grounds into double play, 6-4-3 (Groundball, 6M)
|
Batting: RHB Lu-fang Huie
|
0-0: Called Strike 0-1: Ball 1-1: Foul Ball, location: 2F 1-2: Ball 2-2: Ball 3-2: Foul Ball, location: 2F 3-2: Foul Ball, location: 2F 3-2: Base on Balls
|
Batting: RHB José Hernández
|
0-0: Called Strike 0-1: Called Strike 0-2: Ball 1-2: SINGLE (Line Drive, 6) Lu-fang Huie to second
|
Batting: RHB Matt Silver
|
0-0: Ball 1-0: Called Strike 1-1: SINGLE (Popup, 4D) Lu-fang Huie to third José Hernández to second Runner from 3rd tries for Home, throw and OUT!
|
Top of the 2nd over - 0 run(s), 2 hit(s), 0 error(s), 2 left on base; Lansing 0 - Houston 0 |
BOTTOM OF THE 2ND |
Houston Hammertime batting - Pitching for Lansing Lugnuts : RHP Manabu Mizuno
|
Batting: RHB Mario Beltrán
|
0-0: Fly out, F3 (Line Drive, 3S)
|
Batting: RHB John Pick
|
0-0: Ball 1-0: Swinging Strike 1-1: Ground out 6-3 (Groundball, 56)
|
Batting: RHB Robert Powell
|
0-0: Ball 1-0: Ball 2-0: Ball 3-0: Base on Balls
|
Batting: LHB Fernando Camacho
|
0-0: Hit by Pitch Robert Powell to second
|
Batting: RHB Don Keating
|
0-0: Ball 1-0: Foul Ball, location: 2F 1-1: Called Strike 1-2: Ground out 5-3 (Groundball, 5L)
|
Bottom of the 2nd over - 0 run(s), 0 hit(s), 0 error(s), 2 left on base; Lansing 0 - Houston 0 |
TOP OF THE 3RD |
Lansing Lugnuts batting - Pitching for Houston Hammertime : RHP Andrés Rivera
|
Batting: RHB Michael Woodruff
|
0-0: Ball 1-0: Swinging Strike 1-1: Swinging Strike 1-2: Strikes out swinging
|
Batting: RHB Mitsuoki Taguchi
|
0-0: Ball 1-0: SINGLE (Flyball, 78S)
|
Batting: RHB Sadao Kimura
|
0-0: Ball 1-0: Swinging Strike 1-1: SINGLE (Line Drive, 56D) Mitsuoki Taguchi to second
|
Batting: RHB Júlio Caraballo
|
0-0: Called Strike 0-1: Ball 1-1: Fly out, F9 (Flyball, 9D) Runner from 2nd tags up, SAFE at 3rd, no throw
|
Batting: LHB Jeffrey Satterley
|
0-0: Foul Ball, location: 2F 0-1: Fielders Choice at 2nd, U4 (Groundball, 4M)
|
Top of the 3rd over - 0 run(s), 2 hit(s), 0 error(s), 2 left on base; Lansing 0 - Houston 0 |
BOTTOM OF THE 3RD |
Houston Hammertime batting - Pitching for Lansing Lugnuts : RHP Manabu Mizuno
|
Batting: RHB Aaron Wilson
|
0-0: Swinging Strike 0-1: Ground out 2-3 (Groundball, 2L)
|
Batting: RHB Rafael Torres
|
0-0: Ball 1-0: Foul Ball, location: 2F 1-1: Ground out 5-3 (Groundball, 5)
|
Batting: SHB Cristo Ontiveros
|
0-0: Ball 1-0: Called Strike 1-1: Swinging Strike 1-2: Ball 2-2: Ball 3-2: Foul Ball, location: 2F 3-2: SINGLE (Groundball, 34D)
|
Batting: RHB Earl Wiggins
|
0-0: Called Strike 0-1: SINGLE (Groundball, 6MD) Cristo Ontiveros to second Runner from 2nd tries for 3rd, SAFE, throw made to third
|
Batting: RHB Mario Beltrán
|
0-0: Ball 1-0: Ball 2-0: Ball 3-0: Called Strike 3-1: Called Strike 3-2: Fly out, F9 (Flyball, 89D)
|
Bottom of the 3rd over - 0 run(s), 2 hit(s), 0 error(s), 2 left on base; Lansing 0 - Houston 0 |
TOP OF THE 4TH |
Lansing Lugnuts batting - Pitching for Houston Hammertime : RHP Andrés Rivera
|
Batting: RHB Taki Chikafuji
|
0-0: Foul Ball, location: 2F 0-1: SINGLE (Line Drive, 9LS)
|
Batting: RHB Lu-fang Huie
|
0-0: Called Strike 0-1: Foul Ball, location: 2F 0-2: Ball 1-2: Foul Ball, location: 2F 1-2: Foul Ball, location: 2F 1-2: Foul Ball, location: 2F 1-2: Ball 2-2: Ball 3-2: Grounds into double play, 6-4-3 (Groundball, 6)
|
Batting: RHB José Hernández
|
0-0: Ball 1-0: Ball 2-0: Ball 3-0: Called Strike 3-1: DOUBLE (Line Drive, 5D)
|
Batting: RHB Matt Silver
|
0-0: Called Strike 0-1: Called Strike 0-2: Ball 1-2: Ball 2-2: Foul Ball, location: 2F 2-2: Foul Ball, location: 2F 2-2: Foul Ball, location: 2F 2-2: Ball 3-2: 2-RUN HOME RUN (Flyball, 7D), Distance : 369 ft
|
Batting: RHB Michael Woodruff
|
0-0: Ball 1-0: Ball 2-0: Called Strike 2-1: Ball 3-1: Called Strike 3-2: Strikes out looking
|
Top of the 4th over - 2 run(s), 3 hit(s), 0 error(s), 0 left on base; Lansing 2 - Houston 0 |
BOTTOM OF THE 4TH |
Houston Hammertime batting - Pitching for Lansing Lugnuts : RHP Manabu Mizuno
|
Batting: RHB John Pick
|
0-0: Ball 1-0: Called Strike 1-1: Ball 2-1: Called Strike 2-2: Strikes out looking
|
Batting: RHB Robert Powell
|
0-0: Called Strike 0-1: Fly out, F7 (Flyball, 7LD)
|
Batting: LHB Fernando Camacho
|
0-0: Called Strike 0-1: Called Strike 0-2: Ball 1-2: Fly out, F8 (Line Drive, 8LD)
|
Bottom of the 4th over - 0 run(s), 0 hit(s), 0 error(s), 0 left on base; Lansing 2 - Houston 0 |
TOP OF THE 5TH |
Lansing Lugnuts batting - Pitching for Houston Hammertime : RHP Andrés Rivera
|
Batting: RHB Mitsuoki Taguchi
|
0-0: Called Strike 0-1: Foul Ball, location: 2F 0-2: Ball 1-2: Fly out, F5 (Popup, 5SF)
|
Batting: RHB Sadao Kimura
|
0-0: Ball 1-0: Foul Ball, location: 2F 1-1: DOUBLE (Line Drive, 7LM)
|
Batting: RHB Júlio Caraballo
|
0-0: Ground out U3 (Groundball, 3S) Sadao Kimura to third
|
Batting: LHB Jeffrey Satterley
|
0-0: Called Strike 0-1: Ball 1-1: Foul Ball, location: 2F 1-2: Ball 2-2: Ground out 3-1 (Groundball, 34)
|
Top of the 5th over - 0 run(s), 1 hit(s), 0 error(s), 1 left on base; Lansing 2 - Houston 0 |
BOTTOM OF THE 5TH |
Houston Hammertime batting - Pitching for Lansing Lugnuts : RHP Manabu Mizuno
|
Pitching: RHP Kosami Tagawa
|
|
Batting: RHB Don Keating
|
0-0: Ball 1-0: Swinging Strike 1-1: SINGLE (Groundball, 56D)
|
Batting: RHB Aaron Wilson
|
0-0: Called Strike Don Keating steals 2nd base 0-1: Foul Ball, location: 2F 0-2: Fly out, F9 (Line Drive, 9M) Runner from 2nd tags up, SAFE at 3rd with throw
|
Batting: RHB Rafael Torres
|
0-0: Called Strike 0-1: Ball 1-1: Swinging Strike 1-2: Ball 2-2: Foul Ball, location: 2F 2-2: Strikes out swinging
|
Batting: SHB Cristo Ontiveros
|
0-0: Swinging Strike 0-1: Foul Ball, location: 2F 0-2: Ball 1-2: Ball 2-2: Strikes out swinging
|
Bottom of the 5th over - 0 run(s), 1 hit(s), 0 error(s), 1 left on base; Lansing 2 - Houston 0 |
TOP OF THE 6TH |
Lansing Lugnuts batting - Pitching for Houston Hammertime : RHP Andrés Rivera
|
Batting: RHB Taki Chikafuji
|
0-0: Fly out, F8 (Flyball, 89D)
|
Batting: RHB Lu-fang Huie
|
0-0: Foul Ball, location: 2F 0-1: Ball 1-1: Fly out, F6 (Popup, 6M)
|
Batting: RHB José Hernández
|
0-0: Called Strike 0-1: Foul Ball, location: 2F 0-2: Strikes out swinging
|
Top of the 6th over - 0 run(s), 0 hit(s), 0 error(s), 0 left on base; Lansing 2 - Houston 0 |
BOTTOM OF THE 6TH |
Houston Hammertime batting - Pitching for Lansing Lugnuts : RHP Kosami Tagawa
|
Batting: RHB Earl Wiggins
|
0-0: Called Strike 0-1: Foul Ball, location: 2F 0-2: Ball 1-2: Strikes out looking
|
Batting: RHB Mario Beltrán
|
0-0: Ball 1-0: Foul Ball, location: 2F 1-1: Ball 2-1: Fly out, F8 (Flyball, 89M)
|
Batting: RHB John Pick
|
0-0: Ball 1-0: Fly out, F6 (Line Drive, 6)
|
Bottom of the 6th over - 0 run(s), 0 hit(s), 0 error(s), 0 left on base; Lansing 2 - Houston 0 |
TOP OF THE 7TH |
Lansing Lugnuts batting - Pitching for Houston Hammertime : RHP Andrés Rivera
|
Pitching: RHP António Mata
|
|
Batting: RHB Matt Silver
|
0-0: Ball 1-0: SINGLE (Line Drive, 56)
|
Batting: RHB Michael Woodruff
|
0-0: Ball 1-0: Ball 2-0: Ball 3-0: Fly out, F5 (Line Drive, 5L)
|
Batting: RHB Mitsuoki Taguchi
|
0-0: Called Strike 0-1: Ball 1-1: Ball 2-1: Ball 3-1: Fielders Choice at 2nd, 5-4 (Groundball, 5)
|
Batting: RHB Sadao Kimura
|
0-0: Called Strike 0-1: Called Strike Mitsuoki Taguchi steals 2nd base 0-2: Strikes out swinging
|
Top of the 7th over - 0 run(s), 1 hit(s), 0 error(s), 1 left on base; Lansing 2 - Houston 0 |
BOTTOM OF THE 7TH |
Houston Hammertime batting - Pitching for Lansing Lugnuts : RHP Kosami Tagawa
|
Pitching: LHP Sergio Vargas
|
|
Batting: RHB Robert Powell
|
0-0: Called Strike 0-1: Foul Ball, location: 2F 0-2: Ball 1-2: Ball 2-2: Foul Ball, location: 2F 2-2: Ground out 6-3 (Groundball, 6)
|
Batting: LHB Fernando Camacho
|
0-0: Ball 1-0: Ball 2-0: Called Strike 2-1: Ground out 4-3 (Groundball, 34)
|
Batting: RHB Don Keating
|
0-0: Fly out, F9 (Flyball, 89M)
|
Bottom of the 7th over - 0 run(s), 0 hit(s), 0 error(s), 0 left on base; Lansing 2 - Houston 0 |
TOP OF THE 8TH |
Lansing Lugnuts batting - Pitching for Houston Hammertime : RHP António Mata
|
Batting: RHB Júlio Caraballo
|
0-0: Called Strike 0-1: Ball 1-1: Ball 2-1: Swinging Strike 2-2: Ball 3-2: Base on Balls
|
Batting: LHB Jeffrey Satterley
|
0-0: Called Strike 0-1: Grounds into double play, 4-6-3 (Groundball, 4)
|
Batting: RHB Taki Chikafuji
|
0-0: Foul Ball, location: 2F 0-1: Swinging Strike 0-2: Ball 1-2: Strikes out swinging
|
Top of the 8th over - 0 run(s), 0 hit(s), 0 error(s), 0 left on base; Lansing 2 - Houston 0 |
BOTTOM OF THE 8TH |
Houston Hammertime batting - Pitching for Lansing Lugnuts : LHP Sergio Vargas
|
Batting: RHB Aaron Wilson
|
0-0: Ball 1-0: Ball 2-0: Ball 3-0: Called Strike 3-1: Foul Ball, location: 2F 3-2: Strikes out swinging
|
Batting: RHB Rafael Torres
|
0-0: Called Strike 0-1: Ball 1-1: Ball 2-1: Swinging Strike 2-2: Foul Ball, location: 2F 2-2: Foul Ball, location: 2F 2-2: Foul Ball, location: 2F 2-2: Foul Ball, location: 2F 2-2: Strikes out swinging
|
Batting: SHB Cristo Ontiveros
|
0-0: Ball 1-0: SINGLE (Line Drive, 56D)
|
Pitching: RHP Nicoláo Gericota
|
|
Batting: RHB Earl Wiggins
|
0-0: Swinging Strike 0-1: Ball 1-1: Ball 2-1: Called Strike 2-2: Foul Ball, location: 2F 2-2: Fly out, F8 (Flyball, 8RM)
|
Bottom of the 8th over - 0 run(s), 1 hit(s), 0 error(s), 1 left on base; Lansing 2 - Houston 0 |
TOP OF THE 9TH |
Lansing Lugnuts batting - Pitching for Houston Hammertime : RHP António Mata
|
Batting: RHB Lu-fang Huie
|
0-0: Called Strike 0-1: Foul Ball, location: 2F 0-2: Foul Ball, location: 2F 0-2: Ball 1-2: Ball 2-2: Ball 3-2: Foul Ball, location: 2F 3-2: Foul Ball, location: 2F 3-2: Ground out 6-3 (Groundball, 6M)
|
Batting: RHB José Hernández
|
0-0: Called Strike 0-1: Ball 1-1: Swinging Strike 1-2: Ball 2-2: Strikes out looking
|
Batting: RHB Matt Silver
|
0-0: Foul Ball, location: 2F 0-1: Ball 1-1: Swinging Strike 1-2: Foul Ball, location: 2F 1-2: Ball 2-2: SINGLE (Line Drive, 56)
|
Batting: RHB Michael Woodruff
|
0-0: Ball 1-0: Called Strike 1-1: Swinging Strike 1-2: Ball 2-2: Ground out 4-3 (Groundball, 34)
|
Top of the 9th over - 0 run(s), 1 hit(s), 0 error(s), 1 left on base; Lansing 2 - Houston 0 |
BOTTOM OF THE 9TH |
Houston Hammertime batting - Pitching for Lansing Lugnuts : RHP Nicoláo Gericota
|
Pitching: RHP Juan Álvarez
|
|
Batting: RHB Mario Beltrán
|
0-0: Ball 1-0: Ball 2-0: Called Strike 2-1: Ground out 6-3 (Groundball, 6)
|
Batting: RHB John Pick
|
0-0: Ball 1-0: Ground out 6-3 (Groundball, 6)
|
Batting: RHB Robert Powell
|
0-0: Ball 1-0: Called Strike 1-1: Foul Ball, location: 2F 1-2: Strikes out looking
|
Bottom of the 9th over - 0 run(s), 0 hit(s), 0 error(s), 0 left on base; Lansing 2 - Houston 0 |
|